 Dungeon Crawl Stone Soup version 0.22.1-1-ga44c0e5 (webtiles) character file.

9662 marthius the Slicer (level 11, 0/75 HPs)
             Began as a Human Fighter on Oct 18, 2018.
             Was a High Priest of Hepliaklqana.
             Slain by a spiny frog (5 damage)
             ... on level 1 of the Swamp.
             The game lasted 01:52:21 (9630 turns).

marthius the Slicer (Human Fighter)                 Turns: 9630, Time: 01:52:22

Health: 0/75       AC: 25    Str: 18    XL:     11   Next: 78%
Magic:  11/11      EV:  5    Int: 10    God:    Hepliaklqana [*****.]
Gold:   790        SH: 11    Dex: 15    Spells: 10/10 levels left

rFire    . . .     SeeInvis .   l - +3 short sword (speed)
rCold    . . .     Gourm    .   c - +0 shield
rNeg     . . .     Faith    .   z - +0 plate armour
rPois    .         Spirit   .   A - +0 helmet
rElec    .         Reflect  .   G - +2 cloak
rCorr    +         Harm     .   t - +2 pair of gloves
MR       .....                  d - +0 pair of boots
Stlth    ..........             i - amulet of regeneration
HPRegen  0.62/turn              r - ring of stealth
MPRegen  0.12/turn              U - ring of resist corrosion

@: lethally poisoned (0 -> -1), about to teleport, hasted, very quick
A: reduced essence, talons 1, yellow scales 1, blurry vision 1, clever 1
a: Recall Ancestor, Ancestor Identity, Transference, Idealise, Renounce Religion


You were on level 1 of the Swamp.
You worshipped Hepliaklqana.
Hepliaklqana was extremely pleased with you.
You were not hungry.

You visited 4 branches of the dungeon, and saw 14 of its levels.
You also visited: Ossuary.

You collected 790 gold pieces.

Inventory:

Hand Weapons
 g - a +1 mace of protection
 l - a +3 short sword of speed (weapon)
 x - a +2 dagger of venom
 y - a +4 quarterstaff of chaos
 D - a +0 arbalest
Missiles
 j - 111 arrows
 q - 53 bolts (quivered)
 w - 5 curare-tipped needles
 Y - 4 needles of confusion
Armour
 c - a +0 shield (worn)
 d - a +0 pair of boots (worn)
 p - a +1 chain mail
 t - a +2 pair of gloves (worn)
 v - a +3 leather armour
 z - a +0 plate armour (worn)
 A - a +0 helmet (worn)
 G - a +2 cloak (worn)
 H - a +0 large shield
Jewellery
 i - an amulet of regeneration (around neck)
 o - an uncursed ring of ice
 r - a ring of stealth (left hand)
 U - a ring of resist corrosion (right hand)
Wands
 h - a wand of iceblast (3)
 Q - a wand of random effects (12)
 T - a wand of digging (10)
 V - a wand of flame (22)
 Z - a wand of enslavement (16)
Scrolls
 b - 7 scrolls of remove curse
 n - 2 scrolls of enchant armour
 B - 9 scrolls of identify
 F - a scroll of brand weapon
 J - a scroll of random uselessness
 K - 4 scrolls of magic mapping
 N - a scroll of holy word
 O - 2 scrolls of immolation
Potions
 k - 3 potions of curing
 m - a potion of berserk rage
 u - a potion of mutation
 I - 2 potions of brilliance
 L - a potion of agility
 M - a potion of magic
 S - 2 potions of flight
Comestibles
 f - 24 rations


   Skills:
 + Level 7.2 Fighting
 + Level 10.7 Short Blades
 + Level 3.2 Maces & Flails
 + Level 9.1 Armour
 + Level 1.8 Dodging
 + Level 2.6 Stealth
 + Level 8.6 Shields
 + Level 1.2 Evocations


You had 10 spell levels left.
You didn't know any spells.
Your spell library contained the following spells:

 Spells                   Type           Power        Failure   Level  Hunger
 Corona                   Hex            #......      100%        1    ##.....
 Magic Dart               Conj           #...         100%        1    ##.....
 Ensorcelled Hibernation  Hex/Ice        #.....       100%        2    ###....
 Searing Ray              Conj           #.....       100%        2    ###....
 Confuse                  Hex            #.......     100%        3    ####...
 Dazzling Spray           Conj/Hex       #.....       100%        3    ####...
 Tukima's Dance           Hex            #.......     100%        3    ####...
 Force Lance              Conj/Tloc      #.......     100%        4    #####..
 Fulminant Prism          Conj/Hex       #.........   100%        4    #####..
 Iskenderun's Mystic Bla  Conj           #.......     100%        4    #####..


Dungeon Overview and Level Annotations

Branches:
Dungeon (9/15)             Temple (1/1) D:4            Lair (3/6) D:9
  Swamp (1/4) Lair:3          Orc (0/2) D:9
  Snake: Lair:2-4    Spider: Lair:2-4

Altars:
Ashenzari
Cheibriados
Dithmenos
Elyvilon
Fedhas
Gozag
Hepliaklqana
Kikubaaqudgha
Makhleb
Qazlal
Ru
Sif Muna
Trog
Uskayaw
Vehumet
Wu Jian
Xom
Yredelemnul
Zin

Annotations:
D:9 Gastronok
Lair:1 exclusion: 2 oklob plants
Swamp:1 Josephine


Innate Abilities, Weirdness & Mutations

Your life essence is reduced to manifest your ancestor. (-10% HP)
You have sharp toenails.
You are partially covered in yellow scales. (AC +2)
Scrolls take you a little longer to read.
Your mind is acute. (Int +2)


Message History

You feel sick.
The spiny frog stings you but does no damage.
You block the eight-headed hydra's attack.
The eight-headed hydra bites you but does no damage. x5
The eight-headed hydra barely misses you.
The eight-headed hydra bites you but does no damage.
You feel sick. The eight-headed hydra bites you.
* * * LOW HITPOINT WARNING * * *
The eight-headed hydra bites you.
* * * LOW HITPOINT WARNING * * *
You block the eight-headed hydra's attack.
The eight-headed hydra bites you but does no damage.
You block the eight-headed hydra's attack.
The eight-headed hydra bites you.
* * * LOW HITPOINT WARNING * * *
The eight-headed hydra bites you but does no damage.
The eight-headed hydra bites you.
* * * LOW HITPOINT WARNING * * *
The spiny frog stings you.
You die...

≈. ♣♣♣♣ ♣.
♣≈♣≈≈≈.♣♣.♣.>.
♣.♣♣♣♣..≈♣≈.......♣.
♣≈≈...>≈≈.≈≈≈.. ♣.≈
♣♣.≈.≈≈.≈≈.≈.≈.♣ ♣..
♣..≈≈≈≈≈≈♣≈§♣≈.♣♣ ♣..
♣.≈♣≈♣≈≈♣..≈.≈.§♣♣♣.$
♣♣.≈≈.≈≈≈.$≈≈..≈≈≈♣.$≈
♣...§@....≈♣≈♣§≈♣≈.≈≈≈
♣..♣♣≈FD♣≈≈≈≈≈♣≈≈.≈♣†.
♣≈ ♣♣§§§≈≈≈..≈...≈≈.≈
♣§§§≈♣...≈...≈≈≈≈
♣§§§...≈≈....♣≈≈.
♣§♣♣≈≈≈§..≈≈.≈...
♣.k≈≈....♣♣♣[≈.♣♣
♣♣≈...≈≈.♣ ≈≈♣♣♣
♣..♣.≈..≈♣≈.♣


You could see an eight-headed hydra, a spiny frog and a swamp drake.

Vanquished Creatures
  3 elephants (Lair:3)
  2 black mambas
  A spiny frog (Lair:1)
  2 komodo dragons
  A hippogriff (Lair:1)
  Sigmund (D:3)
  5 yaks
  A basilisk (Lair:1)
  A swamp worm (Swamp:1)
  A water moccasin (Lair:2)
  2 ice beasts
  An ogre (D:9)
  A wolf (Lair:1)
  3 bullfrogs
  A scorpion (D:4)
  2 hounds (D:4)
  2 orc wizards
  Crazy Yiuf (D:4)
  Jessica (D:3)
  3 iguanas
  A worker ant (D:4)
  2 mummies (Ossuary)
  A hound skeleton (D:4)
  A howler monkey zombie (D:6)
  4 adders
  A shadow imp (D:8)
  2 adder zombies
  3 worms
  6 leopard geckos
  7 orcs
  A bat (D:1)
  3 hobgoblins (D:3)
  6 kobolds
  2 quokkas
  3 frilled lizards
  A giant cockroach zombie (D:6)
  9 goblins
  2 leopard gecko skeletons (D:4)
  2 orc zombies (Ossuary)
  9 rats
  2 rat zombies (Ossuary)
  A plant (D:8)
104 creatures vanquished.

Vanquished Creatures (collateral kills)
  A swamp dragon (Swamp:1)
  An elephant (Lair:3)
  A black mamba (Lair:2)
  2 rime drakes
  2 komodo dragons
  2 yaks (Lair:3)
  A basilisk (Lair:3)
  A hungry ghost (D:8)
  An orc warrior (D:7)
  A water moccasin (Lair:1)
  2 phantoms
  An ice beast (D:5)
  2 ogres
  4 wolves (Lair:1)
  A centaur (D:9)
  2 crocodiles
  An elf zombie (Ossuary)
  A big kobold (D:8)
  6 bullfrogs
  A scorpion (D:6)
  A water moccasin skeleton (D:7)
  An electric eel (Lair:3)
  A human zombie (Ossuary)
  5 orc wizards
  2 iguanas
  2 worker ants (D:4)
  A hound zombie (Ossuary)
  3 mummies
  2 adders
  A river rat (D:5)
  A shadow imp (D:5)
  An adder skeleton (D:8)
  An adder zombie (D:9)
  A worm (D:3)
  A leopard gecko (D:5)
  7 orcs
  A giant cockroach (D:5)
  A gnoll zombie (Ossuary)
  2 goblins (D:3)
  2 hobgoblins
  A quokka (D:7)
  A ball python (D:2)
  3 bats (D:3)
  A frilled lizard (D:2)
  A hobgoblin zombie (Ossuary)
  A jackal zombie (Ossuary)
  2 kobolds
  A rat zombie (Ossuary)
  A plant (D:9)
83 creatures vanquished.

Vanquished Creatures (others)
  4 battlemagi
  An ancestor (D:2)
  A fungus (Swamp:1)
  5 plants
11 creatures vanquished.

Grand Total: 198 creatures vanquished

Notes
Turn   | Place    | Note
-------+----------+-------------------------------------------
     0 | D:1      | marthius the Human Fighter began the quest for the Orb.
     0 | D:1      | Reached XP level 1. HP: 18/18 MP: 1/1
   203 | D:1      | Reached XP level 2. HP: 16/24 MP: 2/2
   639 | D:2      | Found a hazy altar of Hepliaklqana.
   665 | D:2      | Reached XP level 3. HP: 28/29 MP: 3/3
   766 | D:2      | Became a worshipper of Hepliaklqana the Forgotten
   810 | D:2      | Noticed a sky beast
   913 | D:3      | Noticed Sigmund
   916 | D:3      | Noticed Jessica
   928 | D:3      | Killed Sigmund
   928 | D:3      | Reached skill level 2 in Short Blades
   928 | D:3      | Reached XP level 4. HP: 14/33 MP: 4/4
   928 | D:3      | Reached XP level 5. HP: 16/37 MP: 5/5
   928 | D:3      | Reached XP level 6. HP: 19/43 MP: 6/6
   935 | D:3      | Killed Jessica
  1560 | D:3      | Reached * piety under Hepliaklqana
  1816 | D:3      | Found a shadowy altar of Dithmenos.
  1857 | D:4      | Noticed an ogre
  1864 | D:4      | HP: 2/43 [ogre/giant club (17)]
  1883 | D:4      | Killed an ogre
  1883 | D:4      | Reached skill level 3 in Short Blades
  1947 | D:4      | Noticed a phantom
  1959 | D:4      | Reached XP level 7. HP: 48/48 MP: 7/7
  2167 | D:4      | Found a snail-covered altar of Cheibriados.
  2295 | D:4      | Reached skill level 4 in Short Blades
  2391 | D:4      | Found a staircase to the Ecumenical Temple.
  2405 | Temple   | Entered the Ecumenical Temple
  2813 | D:4      | Found a runed door.
  2817 | D:4      | Noticed Crazy Yiuf
  2828 | D:4      | Killed Crazy Yiuf
  2828 | D:4      | Reached XP level 8. HP: 53/54 MP: 8/8
  2927 | D:5      | Entered Level 5 of the Dungeon
  2962 | D:5      | Reached ** piety under Hepliaklqana
  2963 | D:5      | Remembered your ancestor Cenhelm as a battlemage
  3040 | D:5      | Found a burning altar of Makhleb.
  3107 | D:5      | Found a basalt altar of Yredelemnul.
  3116 | D:5      | Gained mutation: Scrolls take you a little longer to read.
                  | [potion of mutation]
  3116 | D:5      | Gained mutation: Your mind is acute. (Int +2) [potion of
                  | mutation]
  3116 | D:5      | Gained mutation: You are partially covered in yellow
                  | scales. (AC +2) [potion of mutation]
  3116 | D:5      | Gained mutation: You have sharp toenails. [potion of
                  | mutation]
  3224 | D:5      | Reached skill level 5 in Short Blades
  3224 | D:5      | Reached skill level 5 in Armour
  3224 | D:5      | Reached skill level 1 in Stealth
  3235 | D:5      | Found a glowing drain.
  3283 | D:5      | Found an ornate altar of the Wu Jian Council.
  3548 | D:6      | Reached skill level 1 in Dodging
  3692 | D:6      | Reached skill level 5 in Shields
  3733 | D:6      | Reached skill level 6 in Short Blades
  3923 | D:7      | Reached XP level 9. HP: 60/60 MP: 9/9
  3983 | D:7      | Found a shimmering altar of Xom.
  4097 | D:7      | Found a sand-covered staircase.
  4111 | Ossuary  | Entered an ossuary
  4147 | Ossuary  | Reached skill level 5 in Fighting
  4523 | D:7      | Got a transparent robe
  4526 | D:7      | Reached *** piety under Hepliaklqana
  4696 | D:7      | Found a glowing silver altar of Zin.
  4841 | D:7      | Found a hide-covered altar of Uskayaw.
  5313 | D:8      | Found a shattered altar of Ashenzari.
  5398 | D:8      | Reached skill level 7 in Short Blades
  5805 | D:8      | Found a deep blue altar of Sif Muna.
  6142 | D:9      | Noticed a komodo dragon
  6145 | D:9      | Found a staircase to the Lair.
  6179 | D:9      | Found a sacrificial altar of Ru.
  6206 | D:9      | Killed a komodo dragon
  6325 | Lair:1   | Entered Level 1 of the Lair of Beasts
  6325 | Lair:1   | Reached **** piety under Hepliaklqana
  6325 | Lair:1   | Noticed a hippogriff
  6377 | D:9      | Found a staircase to the Orcish Mines.
  6467 | D:9      | Noticed Gastronok
  6601 | D:9      | Reached skill level 8 in Short Blades
  6928 | Lair:1   | Killed a hippogriff
  6928 | Lair:1   | Reached XP level 10. HP: 48/68 MP: 10/10
  6979 | Lair:1   | Noticed a spiny frog
  6999 | Lair:1   | Killed a spiny frog
  7317 | Lair:1   | Noticed a komodo dragon
  7425 | Lair:1   | Killed a komodo dragon
  7425 | Lair:1   | Reached skill level 9 in Short Blades
  7681 | Lair:1   | Noticed an oklob plant
  7682 | Lair:1   | Noticed a seven-headed hydra
  7682 | Lair:1   | Noticed an oklob plant
  7748 | Lair:2   | Noticed a black mamba
  7756 | Lair:2   | Killed a black mamba
  7876 | Lair:2   | Noticed a black mamba
  7886 | Lair:2   | Killed a black mamba
  8007 | Lair:2   | Noticed a rime drake
  8015 | Lair:2   | Killed a rime drake
  8015 | Lair:2   | Reached skill level 1 in Evocations
  8015 | Lair:2   | Reached XP level 11. HP: 56/74 MP: 11/11
  8207 | Lair:2   | Reached ***** piety under Hepliaklqana
  8497 | Lair:3   | Found a staircase to the Swamp.
  8519 | Lair:3   | Noticed an elephant
  8535 | Lair:3   | Killed an elephant
  8545 | Lair:3   | Noticed an elephant
  8545 | Lair:3   | Noticed an elephant
  8545 | Lair:3   | Noticed an elephant
  8613 | Lair:3   | Killed an elephant
  8619 | Lair:3   | Killed an elephant
  8619 | Lair:3   | Reached skill level 10 in Short Blades
  8633 | Lair:3   | Killed an elephant
  9414 | Swamp:1  | Entered Level 1 of the Swamp
  9453 | Swamp:1  | Noticed a swamp dragon
  9458 | Swamp:1  | Noticed Josephine
  9464 | Swamp:1  | Killed a swamp dragon
  9601 | Swamp:1  | Noticed an eight-headed hydra
  9630 | Swamp:1  | Slain by a spiny frog

Skill      XL: |  1  2  3  4  5  6  7  8  9 10 11 |
---------------+----------------------------------+-----
Short Blades   | 2 3 4 6 8 9 10 | 10.7
Armour         | 4 5 7 8 9 |  9.1
Maces & Flails | 3 |  3.2
Fighting       | 4 5 6 7 |  7.2
Shields        | 4 5 7 8 |  8.6
Stealth        | 1 2 |  2.6
Dodging        | 1 |  1.8
Evocations     | 1 |  1.2

Action                   |  1- 3 |  4- 6 |  7- 9 | 10-12 || total
-------------------------+-------+-------+-------+-------++-------
Melee: Flail             |    22 |       |       |       ||    22
       Short sword       |    68 |    72 |   375 |   297 ||   812
       Kick              |       |       |    90 |     9 ||    99
Throw: Stone             |     1 |       |       |       ||     1
Invok: Ancestor Identity |     1 |       |     1 |       ||     2
       Ancestor Life: Ba |       |       |     1 |       ||     1
       Recall Ancestor   |       |       |       |     4 ||     4
Evoke: Wand              |       |       |     2 |     4 ||     6
       Sack of spiders   |       |       |       |     2 ||     2
  Use: Scroll            |       |     2 |    14 |     5 ||    21
       Potion            |       |       |    13 |     6 ||    19
 Stab: Distracted        |       |       |     2 |     2 ||     4
  Eat: Chunk             |       |     3 |     3 |     6 ||    12
       Ration            |       |       |     4 |     1 ||     5
Armor: Scale mail        |    24 |       |       |       ||    24
       Chain mail        |     6 |    16 |    34 |       ||    56
       Plate armour      |       |       |    97 |   159 ||   256
Dodge: Dodged            |    11 |    10 |    35 |    22 ||    78
Block: Shield            |    33 |    19 |   107 |   117 ||   276
